 Dungeon Crawl Stone Soup version 0.29-a0-284-gf9362112df (webtiles) character file.

Game seed: 3906191299384371617

263 siradein the Bolt Thrower (level 6, -2/38 HPs)
             Began as a Kobold Hunter on Apr 1, 2022.
             Killed from afar by an orc wizard (6 damage)
             ... with a magic dart
             ... on level 4 of the Dungeon.
             The game lasted 00:08:05 (3392 turns).

siradein the Bolt Thrower (Kobold Hunter)           Turns: 3392, Time: 00:08:07

Health: -2/38      AC:  3    Str:  9    XL:     6   Next: 43%
Magic:  6/6        EV: 16    Int: 10    God:
Gold:   236        SH:  0    Dex: 20    Spells: 5/5 levels left

rFire   + . .      SeeInvis .   b - +4 dagger
rCold   . . .      Faith    .   (no shield)
rNeg    . . .      Spirit   .   t - +0 leather armour {rF+}
rPois   .          Reflect  .   (no helmet)
rElec   .          Harm     .   (no cloak)
rCorr   .          Rampage  .   (no gloves)
Will    .....                   (no boots)
Stlth   ++++......              (no amulet)
HPRegen 0.12/turn               (no ring)
MPRegen 0.10/turn               (no ring)

@: no status effects
A: small, no large weapons, nightstalker 3
a: no special abilities


You were on level 4 of the Dungeon.
You visited 1 branch of the dungeon, and saw 4 of its levels.

You collected 236 gold pieces.

Inventory:

Hand Weapons
 a - a +1 hand crossbow
 b - a +4 dagger (weapon)
Missiles
 l - 5 poisoned darts (quivered)
Armour
 t - a +0 leather armour of fire resistance (worn)
Wands
 r - a wand of polymorph (6)
Scrolls
 c - a scroll of immolation
 d - a scroll of fog {unknown}
 f - a scroll of vulnerability {unknown}
 g - a scroll of teleportation {unknown}
 s - 3 scrolls of fear {unknown}
Potions
 e - a potion of magic {unknown}
 h - 3 potions of invisibility {unknown}
 i - 2 potions of berserk rage {unknown}
 j - a potion of curing {unknown}
 k - a potion of ambrosia {unknown}
 m - a potion of flight {unknown}
 n - a potion of heal wounds {unknown}
 o - a potion of brilliance {unknown}
 p - a potion of attraction {unknown}
 q - 2 potions of lignification {unknown}


   Skills:
 + Level 3.8 Fighting
 * Level 6.7 Crossbows
 + Level 4.2 Dodging
 + Level 4.3 Stealth


You had 5 spell levels left.
You didn't know any spells.
Your spell library contained the following spells:

 Spells                   Type           Power      Damage    Failure   Level
 Tukima's Dance           Hex            0%         N/A       85%         3
 Anguish                  Hex/Necr       0%         N/A       99%         4
 Animate Armour           Summ/Erth      0%         N/A       99%         4
 Blade Hands              Tmut           0%         N/A       100%        5
 Iron Shot                Conj/Erth      0%         9d1       100%        6
 Enfeeble                 Hex            0%         N/A       100%        7


Dungeon Overview and Level Annotations

Branches:
Dungeon (4/15)
 Temple: D:4-7

Altars:


Innate Abilities, Weirdness & Mutations

You are small and have problems with some larger weapons.
You are completely attuned to the shadows.


Message History

You hit the iguana.
The iguana is heavily wounded.
The hound closely misses you. The iguana bites you.
The hound completely misses you.
You hit the iguana but do no damage.
The iguana is heavily wounded.
The iguana bites you! The hound bites you.
You are too injured to fight recklessly!
You are too injured to fight recklessly!
The iguana attacks as you move away! The iguana barely misses you.
The hound misses you. The hound attacks as you move away!
The hound completely misses you. The iguana completely misses you.
The hound closely misses you. The hound attacks as you move away!
The hound misses you. The hound attacks as you move away! The hound bites you.
* * * LOW HITPOINT WARNING * * *
The hound barely misses you. The hound attacks as you move away!
The hound bites you but does no damage. The iguana attacks as you move away!
The iguana bites you but does no damage.
An orc comes into view. It is wielding a +4 flail.
The hound misses you. The hound completely misses you.
The iguana attacks as you move away! The iguana closely misses you.
The hound attacks as you move away! The hound closely misses you. x2
A hobgoblin comes into view.
The hound attacks as you move away! The hound misses you.
The hound completely misses you. The iguana attacks as you move away!
The iguana bites you.
* * * LOW HITPOINT WARNING * * *
The hound attacks as you move away! The hound misses you.
The iguana attacks as you move away! The iguana barely misses you.
The hound bites you but does no damage.
An orc wizard comes into view. It is wielding a +0 dagger.
The orc wizard shouts!
The hobgoblin hits you.
* * * LOW HITPOINT WARNING * * *
The orc wizard gestures at you while chanting.
The magic dart hits you.
You die...

####.############## #.####.#
..................# #....#.#
..................###....#.######
.........................#.##.)..
.................................
..................####...#.##.###
.........)........# #...#.##.# #
...........†......# #...#.##.# #
........ ....@g# #####.##.# #
.<...... ....h.# #....# ........
.....l# ###### ........ ......#
...<.... o.....# ........ ......#
........ o.....# ........ ......#
........ ......#


You could see an iguana, a hound, an orc wizard and a hobgoblin.

Vanquished Creatures
  A scorpion (D:4)
  Natasha (thrice) (D:2)
  3 gnolls (D:2)
  3 adders (D:2)
  3 dart slugs
  An orc (D:2)
  7 endoplasms
  5 giant cockroaches
  10 goblins
  4 hobgoblins
  3 jackals (D:2)
  9 ball pythons
  7 bats
  5 frilled lizards
  3 kobolds
  3 rats
70 creatures vanquished.

Notes
Turn   | Place    | Note
-------+----------+-------------------------------------------
     0 | D:1      | siradein the Kobold Hunter began the quest for the Orb.
     0 | D:1      | Reached XP level 1. HP: 12/12 MP: 1/1
    32 | D:1      | Found a faded altar of an unknown god.
   205 | D:1      | Reached XP level 2. HP: 15/18 MP: 2/2
   751 | D:1      | Reached XP level 3. HP: 22/22 MP: 3/3
  1355 | D:2      | Reached XP level 4. HP: 27/27 MP: 4/4
  1455 | D:2      | Noticed Natasha
  1460 | D:2      | Killed Natasha
  1461 | D:2      | Reached skill level 6 in Crossbows
  1691 | D:2      | Noticed Natasha
  1807 | D:2      | Reached XP level 5. HP: 32/32 MP: 5/5
  1834 | D:2      | Killed Natasha
  2036 | D:2      | Noticed Natasha
  2040 | D:2      | Killed Natasha
  2504 | D:3      | Reached XP level 6. HP: 37/37 MP: 6/6
  3392 | D:4      | Killed from afar by an orc wizard

Illustrated notes

Levels and vault maps discovered:
D:1:      lightli_arrival_windingriver, layout_loops_corners,
          basic_ecumenical_altar
D:2:      layout_rooms, dreamdust_wishing_well, uniq_natasha
D:3:      cheibrodos_helix_gallery, layout_basic
D:4:      layout_basic, mainiacjoe_overflow_paths,
          minmay_temple_entry_drinking_statues

Skill      XL: |  1  2  3  4  5  6 |
---------------+-------------------+-----
Stealth        | 2 3 4 |  4.3
Dodging        | 3 4 |  4.2
Fighting       | 3 |  3.8
Crossbows      | 6 |  6.7

Action                   |  1- 3 |  4- 6 || total
-------------------------+-------+-------++-------
Melee: Dagger            |       |    12 ||    12
 Fire: Hand crossbow     |    65 |    89 ||   154
Throw: Dart              |       |     1 ||     1
Armor: Leather armour    |     6 |    10 ||    16
Dodge: Dodged            |    21 |    78 ||    99

Table legend: (Time is in decaauts)
 A = Elapsed time spent in this place.
 B = Non-inter-level travel time spent in this place.
 C = Inter-level travel time spent in this place.
 D = Time resting spent in this place.
 E = Time spent auto-exploring this place.
 F = Levels seen in this place.
 G = Mean time per level.
                   A        B        C        D        E       F      G
               +--------+--------+--------+--------+--------+-----+--------+
         Total |   3432 |   3354 |     78 |    196 |   2648 |   4 |  858.0 |
       Dungeon |   3432 |   3354 |     78 |    196 |   2648 |   4 |  858.0 |
               +--------+--------+--------+--------+--------+-----+--------+

Top non-repeatable levels by time:
     D:2: 1354 daAuts
     D:1: 1154 daAuts
     D:3: 501 daAuts
     D:4: 422 daAuts
